 Dungeon Crawl Stone Soup version 0.25-a0-578-gc91f01c39c (webtiles) character file.

Game seed: 16947175652524564617, levelgen mode: deterministic

2371 An17 the Martial Artist (level 9, -9/52 HPs)
             Began as a Vine Stalker Transmuter on Mar 6, 2020.
             Was a Follower of Cheibriados.
             Mangled by a two-headed ogre
             ... wielding a +0 giant club
              (22 damage)
             ... on level 7 of the Dungeon.
             The game lasted 00:21:29 (5480 turns).

An17 the Martial Artist (Vine Stalker Transmuter)   Turns: 5480, Time: 00:21:29

Health: -9/52      AC:  6    Str: 16    XL:     9   Next: 45%
Magic:  0/18       EV: 12    Int: 17    God:    Cheibriados [*.....]
Gold:   298        SH:  0    Dex: 20    Spells: 5/18 levels left

rFire    x . .     SeeInvis .     - Unarmed
rCold    + + +     Gourm    .   (shield currently unavailable)
rNeg     . . .     Faith    .   (armour currently unavailable)
rPois    +         Spirit   +   (helmet currently unavailable)
rElec    .         Reflect  .   (cloak currently unavailable)
rCorr    .         Harm     .   (gloves currently unavailable)
MR       +....                  (boots currently unavailable)
Stlth    ++........             (no amulet)
HPRegen  0.57/turn              s - ring of wizardry
MPRegen  0.16/turn              i - +3 ring of dexterity

@: ice-form, very slow
A: large, regeneration 1, magic shield, no potion heal 3, rot immunity
a: End Transformation, Bend Time, Renounce Religion


You were on level 7 of the Dungeon.
You worshipped Cheibriados.
Cheibriados was aware of your devotion.
You were not hungry.
You were a creature of crystalline ice.
You visited 2 branches of the dungeon, and saw 8 of its levels.
You also visited: Ossuary.

You collected 298 gold pieces.

Inventory:

Hand Weapons
 o - the +9 dagger "Banisher" {chaos, Str+2}
   (You took it off a kobold on level 3 of the Dungeon)

   Each time it hits an enemy it has a different, random effect.
   It affects your strength (+2).
   Cheibriados disapproves of the use of such an item.
 E - a +2 whip of electrocution
 F - a +0 vorpal war axe
 I - the +8 lajatang of Disorder {vorpal, rPois Stlth+}
   (You took it off an orc on level 7 of the Dungeon)

   It inflicts extra damage upon your enemies.
   It protects you from poison.
   It makes you more stealthy.
Missiles
 a - 68 arrows
 j - 33 poisoned darts (quivered)
Armour
 e - a +2 kite shield
 f - a +1 pair of gloves (melded)
 h - a +2 leather armour of magic resistance
 k - a +0 chain mail
 l - a +0 pair of boots (melded)
 G - +0 swamp dragon scales (melded)
 J - the cursed +0 chain mail of Goen Viycu {rC+ MR++ Str-4 Stlth-, unknown}
   (You found it on level 7 of the Dungeon)

   It affects your strength (-4).
   It protects you from cold.
   It affects your resistance to hostile enchantments.
   It makes you less stealthy.
   If you switch to wearing this armour, your AC will increase by 8 (6 -> 14).
   It has a curse placed upon it.
Jewellery
 i - a +3 ring of dexterity (right front paw)
 m - an uncursed ring of stealth
 n - an uncursed ring of fire
 s - a ring of wizardry (left front paw)
 x - an uncursed ring of protection from cold
Wands
 p - a wand of flame (20)
Scrolls
 b - a scroll of enchant armour
 t - a scroll of teleportation
 y - 2 scrolls of remove curse
 D - a scroll of fog {unknown}
Potions
 c - 6 potions of curing
 g - 3 potions of stabbing
 q - a potion of might
 r - a potion of berserk rage {unknown}
 u - a potion of invisibility {unknown}
 v - a potion of lignification {unknown}
 w - 2 potions of ambrosia
 z - a potion of mutation
 A - 2 potions of magic
 B - 2 potions of brilliance
 C - 2 potions of heal wounds
 H - a potion of flight {unknown}
Comestibles
 d - 5 rations


   Skills:
 + Level 3.2 Fighting
 + Level 3.9 Dodging
 - Level 0.2 Stealth
 + Level 8.6 Unarmed Combat
 + Level 5.4 Spellcasting
 + Level 0.5 Conjurations
 + Level 4.9 Transmutations
 + Level 1.2 Ice Magic
 + Level 2.0 Poison Magic


You had 5 spell levels left.
You knew the following spells:

 Your Spells              Type           Power        Failure   Level  Hunger
a - Beastly Appendage     Tmut           ###...       1%          1    None
b - Sticks to Snakes      Tmut           ###.....     1%          2    #......
c - Spider Form           Tmut/Pois      ###.......   4%          3    ##.....
d - Ice Form              Ice/Tmut       ###.....     16%         4    ####...
e - Mephitic Cloud        Conj/Pois/Air  #.......     12%         3    ##.....

Your spell library contained the following spells:

 Spells                   Type           Power        Failure   Level  Hunger
 Poisonous Vapours        Pois/Air       #.....       6%          2    #......
 Conjure Flame            Conj/Fire      #.......     16%         3    ##.....
 Blade Hands              Tmut           ###.......   21%         5    ######.
 Freezing Cloud           Conj/Ice/Air   #.........   99%         6    #######
 Ring of Flames           Chrm/Fire      #.........   100%        7    #######


Dungeon Overview and Level Annotations

Branches:
Dungeon (7/15)             Temple (1/1) D:5         Ossuary (visited)

Altars:
Cheibriados
Dithmenos
Elyvilon
Fedhas
Gozag
Hepliaklqana
Kikubaaqudgha
Makhleb
Nemelex Xobeh
Okawaru
Qazlal
Sif Muna
Trog
Uskayaw
Vehumet
Wu Jian
Xom
Yredelemnul

Annotations:
D:6 2 transporters, hemabe's ghost, novice HuAr


Innate Abilities, Weirdness & Mutations

((You have razor-sharp teeth.))
Your natural rate of healing is unusually fast.
When hurt, damage is shared between your health and your magic reserves.
((Your bite disrupts and absorbs the magic of your enemies.))
Potions cannot restore your health.
You are immune to rotting.


Message History

The two-headed ogre is lightly wounded.
Casting: Ice Form (quite dangerous; 28% risk of failure)
Confirm with . or Enter, or press ? or * to list all spells.
You turn into a creature of crystalline ice.
Your +1 pair of gloves melds into your body.
Your +0 pair of boots melds into your body.
Your +0 swamp dragon scales melds into your body.
The two-headed ogre closely misses you. The two-headed ogre barely misses you.
You punch the two-headed ogre! You freeze the two-headed ogre.
The two-headed ogre is moderately wounded.
The two-headed ogre hits you with a +0 giant club!!
The two-headed ogre barely misses you.
You completely miss the two-headed ogre.
The two-headed ogre is moderately wounded.
You barely miss the two-headed ogre.
The two-headed ogre is moderately wounded.
The two-headed ogre hits you with a +0 giant club!!
* * * LOW HITPOINT WARNING * * *
The two-headed ogre hits you with a +0 giant spiked club!!
You die...

####.###### #
#.........### ##
#..###+###....
.##...##..#..##..#
#####.##.##.##.##.##..
##..=##.###..##.##..##.
##.###.##.#.##..#..##.#.
#.## ##.#.#.##..#..##.#.
##.# #Y#.'#..##)##..#'.
##.## #O#.#.##..#..##.#.
#)## .##.#.##..#..##.#.
##.##
.##.###..##.##..##.
##.#####.## ##. #.#
.##.. ##..[..## ##.
#..##... ###†### ##
###.... ##.....## ##...
##.......## ##..


You could see a two-headed ogre.

Vanquished Creatures
  Pikel (D:6)
  Maggie (D:6)
  Sigmund (D:3)
  An orc warrior (D:7)
  A phantom (D:7)
  The ghost of Zaque the Sneak, an amateur DsAs (D:3)
  A centaur (D:6)
  A big kobold (D:3)
  An elf zombie (D:4)
  2 elf skeletons (D:4)
  A water moccasin zombie (Ossuary)
  A scorpion (D:6)
  A bullfrog zombie (Ossuary)
  A centaur zombie (Ossuary)
  A crimson imp (D:3)
  A jelly (D:6)
  2 orc priests (D:5)
  Jessica (D:2)
  12 mummies (Ossuary)
  An iguana (D:7)
  An orc wizard (D:5)
  4 worker ants
  A hound zombie (Ossuary)
  2 hound skeletons (D:6)
  A worker ant zombie (D:6)
  A howler monkey zombie (Ossuary)
  A howler monkey skeleton (D:6)
  6 adders
  A shadow imp (D:5)
  3 oozes
  3 adder zombies
  2 worms (D:2)
  A dart slug (D:1)
  2 leopard geckos
  12 orcs
  6 bats
  11 giant cockroaches
  6 goblins
  4 hobgoblins
  18 jackals
  17 kobolds
  2 quokkas
  4 ball pythons
  8 frilled lizards
  A leopard gecko zombie (Ossuary)
  3 orc skeletons (D:4)
  7 rats
161 creatures vanquished.

Vanquished Creatures (others)
  An adder skeleton (D:6)
  4 withered plants (Ossuary)
5 creatures vanquished.

Grand Total: 166 creatures vanquished

Notes
Turn   | Place    | Note
-------+----------+-------------------------------------------
     0 | D:1      | An17 the Vine Stalker Transmuter began the quest for the
                  | Orb.
     0 | D:1      | Reached XP level 1. HP: 9/9 MP: 4/4
   174 | D:1      | Reached XP level 2. HP: 11/14 MP: 4/6
   178 | D:1      | Learned a level 2 spell: Sticks to Snakes
   403 | D:1      | Reached XP level 3. HP: 15/17 MP: 5/7
   408 | D:1      | Learned a level 3 spell: Spider Form
  1226 | D:2      | Reached skill level 1 in Fighting
  1594 | D:2      | Gained mutation: Your natural rate of healing is unusually
                  | fast. [Vine Stalker growth]
  1594 | D:2      | Reached XP level 4. HP: 16/22 MP: 5/9
  1625 | D:2      | Found a shimmering altar of Xom.
  1626 | D:2      | Found a shimmering blue altar of Sif Muna.
  1630 | D:2      | Found an ancient bone altar of Kikubaaqudgha.
  1630 | D:2      | Found a blossoming altar of Fedhas.
  1726 | D:2      | Noticed Jessica
  1743 | D:2      | Killed Jessica
  2022 | D:3      | Reached XP level 5. HP: 20/25 MP: 9/11
  2028 | D:3      | Learned a level 4 spell: Ice Form
  2132 | D:3      | Noticed Sigmund
  2156 | D:3      | Killed Sigmund
  2156 | D:3      | Reached skill level 4 in Unarmed Combat
  2156 | D:3      | Reached XP level 6. HP: 22/30 MP: 5/12
  2363 | D:3      | Found a runed translucent gate.
  2363 | D:3      | Found a runed translucent gate.
  2363 | D:3      | Found a runed translucent gate.
  2364 | D:3      | Identified the +9 dagger "Banisher" {chaos, Str+2}
  2365 | D:3      | Noticed Zaque's ghost (amateur DsAs)
  2447 | D:3      | Killed Zaque's ghost
  2460 | D:3      | Reached skill level 5 in Unarmed Combat
  2460 | D:3      | Reached XP level 7. HP: 24/34 MP: 6/14
  2871 | D:3      | Found a radiant altar of Vehumet.
  2871 | D:3      | Found a burning altar of Makhleb.
  3044 | D:4      | Found a basalt altar of Yredelemnul.
  3128 | D:4      | Found a stormy altar of Qazlal.
  3229 | D:4      | Found a sand-covered staircase.
  3248 | Ossuary  | Entered an ossuary
  3297 | Ossuary  | Gained mutation: You have razor-sharp teeth. [Vine Stalker
                  | growth]
  3297 | Ossuary  | Reached XP level 8. HP: 36/39 MP: 15/15
  3322 | Ossuary  | Reached skill level 6 in Unarmed Combat
  3672 | D:5      | Entered Level 5 of the Dungeon
  3799 | D:5      | Found a staircase to the Ecumenical Temple.
  3810 | Temple   | Entered the Ecumenical Temple
  3904 | Temple   | Became a worshipper of Cheibriados the Contemplative
  4111 | D:5      | Found a bloodstained altar of Trog.
  4179 | D:5      | Found a sparkling altar of Nemelex Xobeh.
  4185 | D:5      | Found the +6 lightning scales {run, rElec}
  4203 | D:5      | Found a shadowy altar of Dithmenos.
  4524 | D:5      | Reached skill level 7 in Unarmed Combat
  4657 | D:6      | Noticed Pikel
  4666 | D:6      | Killed Pikel
  4666 | D:6      | Reached skill level 5 in Spellcasting
  4666 | D:6      | Reached skill level 1 in Ice Magic
  4666 | D:6      | Reached XP level 9. HP: 43/44 MP: 7/17
  4681 | D:6      | Noticed Maggie
  4691 | D:6      | Killed Maggie
  4691 | D:6      | Reached skill level 8 in Unarmed Combat
  4771 | D:6      | Found a transporter.
  4771 | D:6      | Noticed hemabe's ghost (novice HuAr)
  4783 | D:6      | Found a transporter.
  5341 | D:7      | Learned a level 3 spell: Mephitic Cloud
  5362 | D:7      | Reached * piety under Cheibriados
  5390 | D:7      | Reached skill level 1 in Poison Magic
  5422 | D:7      | Found a hazy altar of Hepliaklqana.
  5423 | D:7      | Found a blossoming altar of Fedhas.
  5423 | D:7      | Found a hide-covered altar of Uskayaw.
  5423 | D:7      | Found a hazy altar of Hepliaklqana.
  5423 | D:7      | Noticed a troll
  5424 | D:7      | Identified the +8 lajatang of Disorder {vorpal, rPois
                  | Stlth+}
  5466 | D:7      | Got a pitted chain mail
  5475 | D:7      | Noticed a two-headed ogre
  5480 | D:7      | Mangled by a two-headed ogre

Levels and vault maps discovered:
D:1:      matt_arrival_grand_opening, layout_basic
D:2:      layout_loops_corners, grunt_temple_overflow_open,
          chequers_serial_rivers_room_a, uniq_jessica
D:3:      layout_loops_ring, grunt_temple_overflow_lords_of_destruction,
          gammafunk_ghost_nasty_kobolds, uniq_sigmund
D:4:      layout_rooms, old_standard_altar, kennysheep_mini_moat,
          nicolae_ossuary_entry_catacombs, first_ration
D:5:      layout_basic, grunt_dithmenos_shadows, old_standard_altar,
          temple_green, basic_altar
D:6:      layout_loops_ring, gammafunk_ghost_mausoleum, uniq_maggie, uniq_pikel
D:7:      minmay_the_grid_octo_2x2 [minmay_the_grid_octo_shrine,
          minmay_the_grid_octo_thin_diamonds,
          minmay_the_grid_octo_checkerflower,
          minmay_the_grid_octo_prize_single_spiral], layout_loops_ring,
          kennysheep_nub
Temple:   minmay_temple_curvy_loop

Skill      XL: |  1  2  3  4  5  6  7  8  9 |
---------------+----------------------------+-----
Dodging        | 2 3 |  3.9
Fighting       | 1 2 3 |  3.2
Spellcasting   | 3 4 5 |  5.4
Unarmed Combat | 4 5 7 8 |  8.6
Transmutations | 3 4 |  4.9
Ice Magic      | 1 |  1.2
Poison Magic   | 2 |  2.0
Stealth        | |  0.2
Conjurations   | |  0.5

Action                   |  1- 3 |  4- 6 |  7- 9 || total
-------------------------+-------+-------+-------++-------
Melee: Unarmed           |   150 |   187 |   278 ||   615
       Bite              |    22 |    45 |    83 ||   150
       Headbutt          |    12 |    17 |    39 ||    68
       Kick              |    14 |     8 |       ||    22
       Punch             |     3 |     2 |     4 ||     9
       Dagger            |       |       |    10 ||    10
 Cast: Beastly Appendage |    21 |    13 |    24 ||    58
       Spider Form       |       |     5 |       ||     5
       Ice Form          |       |       |     4 ||     4
       Mephitic Cloud    |       |       |     1 ||     1
  Use: Scroll            |     2 |     3 |    12 ||    17
 Stab: Sleeping          |     1 |       |       ||     1
       Confused          |       |       |     1 ||     1
  Eat: Ration            |     1 |     1 |     4 ||     6
Armor: Robe              |    39 |    35 |     7 ||    81
       Skin              |       |     1 |     2 ||     3
       Leather armour    |       |       |    24 ||    24
       Swamp dragon scal |       |       |    13 ||    13
Dodge: Dodged            |   112 |   109 |   139 ||   360

Table legend:
 A = Non-vault XP
 B = Vault XP
 C = Vault XP percentage of total XP
 D = Non-vault monster count
 E = Vault monster count
 F = Vault count percentage of total count
                 A         B        C        D         E       F
            +---------+---------+-------+---------+---------+-------
      Total |     964 |    2424 |  71.5 |     113 |      46 |  28.9
            +---------+---------+-------+---------+---------+-------
        D:1 |      53 |       0 |   0.0 |      32 |       0 |   0.0
        D:2 |      70 |      37 |  34.6 |      19 |       1 |   5.0
        D:3 |      84 |     500 |  85.6 |      27 |      13 |  32.5
        D:4 |      34 |     268 |  88.7 |       2 |       6 |  75.0
        D:5 |     223 |      12 |   5.1 |      16 |       1 |   5.9
        D:6 |     299 |     926 |  75.6 |      10 |       2 |  16.7
        D:7 |     201 |     155 |  43.5 |       7 |       4 |  36.4
    Ossuary |       0 |     526 | 100.0 |       0 |      19 | 100.0
            +---------+---------+-------+---------+---------+-------
